 Dungeon Crawl Stone Soup version 0.29.1-12-g30fa7ad0bf (webtiles) character file.

Game seed: 6549998011034980287

5 Descartes the Shield-Bearer (level 1, -4/18 HPs)
             Began as a Formicid Fighter on Jan 5, 2023.
             Slain by a gnoll
             ... wielding a +0 spear
              (6 damage)
             ... on level 1 of the Dungeon.
             The game lasted 00:00:30 (45 turns).

Descartes the Shield-Bearer (Formicid Fighter)        Turns: 45, Time: 00:00:31

Health: -4/18      AC:  6    Str: 20    XL:     1   Next: 88%
Magic:  1/1        EV:  9    Int:  7    God:
Gold:   0          SH:  5    Dex: 13    Spells: 0/0 levels left

rFire   . . .      SeeInvis +   a - +0 war axe
rCold   . . .      Faith    .   c - +0 buckler
rNeg    . . .      Spirit   .   b - +0 scale mail
rPois   .          Reflect  .   (helmet unavailable)
rElec   .          Harm     .   (no cloak)
rCorr   .          Rampage  .   (no gloves)
Will    .....                   (no boots)
Stlth   ..........              (no amulet)
HPRegen 0.06/turn               (no ring)
MPRegen 0.07/turn               (no ring)

@: no status effects
A: permanent stasis, dig shafts and tunnels, antennae 3, four strong arms
a: Dig, Shaft Self


You were on level 1 of the Dungeon.
You visited 1 branch of the dungeon, and saw 1 of its levels.

Inventory:

Hand Weapons
 a - a +0 war axe (weapon)
Missiles
 f - 4 poisoned darts
Armour
 b - a +0 scale mail (worn)
 c - a +0 buckler (worn)
Potions
 d - a potion of might
 e - a potion of mutation {unknown}


   Skills:
 + Level 3.3 Fighting
 + Level 2.0 Axes
 + Level 3.3 Armour
 * Level 4.2 Shields
 + Level 0.1 Spellcasting
 + Level 0.2 Translocations
 + Level 0.1 Evocations


You couldn't memorise any spells.
You didn't know any spells.
Your spell library was empty.

Dungeon Overview and Level Annotations

Branches:
Dungeon (1/15)

Altars:


Innate Abilities, Weirdness & Mutations

You cannot be hasted, slowed, berserked, paralysed or teleported.
You can dig through walls and to a lower floor.
You have a pair of large antennae on your head. (SInv)
Your four strong arms can wield two-handed weapons with a shield.


Message History

The frilled lizard barely misses you. The bat hits you but does no damage.
The frilled lizard bites you. You block the gnoll's attack.
You closely miss the bat. You miss the frilled lizard. You slash the bat!
You kill the bat!
The bat barely misses you. The bat closely misses you.
A quokka comes into view.
You block the gnoll's attack. The frilled lizard barely misses you.
You closely miss the frilled lizard. You barely miss the bat.
The bat barely misses you.
The gnoll hits you from afar with a +0 spear.
You block the frilled lizard's attack.
The quokka twitches its whiskers.
The frilled lizard barely misses you. The gnoll barely misses you.
You slash the frilled lizard!
You kill the frilled lizard!
You hit the bat.
You kill the bat!
You block the gnoll's attack. You block the gnoll's attack.
You hit the gnoll but do no damage. You hit the quokka.
You block the quokka's attack. You block the gnoll's attack.
The quokka bites you. The gnoll hits you with a +0 spear.
You are too injured to fight recklessly!
You are too injured to fight recklessly!
You barely miss the gnoll. You closely miss the quokka.
You block the quokka's attack. The gnoll closely misses you.
You block the quokka's attack.
Unknown command.
You hit the gnoll.
The gnoll is moderately wounded.
You hit the quokka.
You kill the quokka!
The gnoll hits you with a +0 spear.
* * * LOW HITPOINT WARNING * * *
The gnoll hits you with a +0 spear.
* * * LOW HITPOINT WARNING * * *
You barely miss the gnoll.
The gnoll is moderately wounded.
The gnoll hits you with a +0 spear.
You die...

.. .. .##### ....#
#.#.##### #.#.#...# .
############.......#....
................@g......
##############..†.......
♣♣ ##......... .♣♣
##........ ..♣♣
#.......# ...♣ ##.....##
...♣ .....# ..♣# ......
...♣


You could see a gnoll.

Vanquished Creatures
  2 bats (D:1)
  An endoplasm (D:1)
  A quokka (D:1)
  A frilled lizard (D:1)
5 creatures vanquished.

Notes
Turn   | Place    | Note
-------+----------+-------------------------------------------
     0 | D:1      | Descartes the Formicid Fighter began the quest for the Orb.
     0 | D:1      | Reached XP level 1. HP: 18/18 MP: 1/1
    45 | D:1      | Slain by a gnoll

Illustrated notes

Levels and vault maps discovered:
D:1:      amcnicky_arrival_underground_garden, layout_rooms,
          shapermc_ecumenical_altar_pompeii

Action                   || total
-------------------------++-------
Melee: War axe           ||    10
Armor: Scale mail        ||     6
Dodge: Dodged            ||     9
Block: Buckler           ||    12
